 Dungeon Crawl Stone Soup version 0.31-a0-233-g139696dc86 (webtiles) character file.

Game seed: 1673472972972619213

6211 qw the Skirmisher (level 10, -1/71 HPs)
             Began as a Gargoyle Hexslinger on July 8, 2023.
             Was a Priest of Okawaru.
             Shot with an arrow by a centaur warrior (21 damage)
             ... on level 9 of the Dungeon.
             The game lasted 00:02:33 (6780 turns).

qw the Skirmisher (Gargoyle Hexslinger)             Turns: 6780, Time: 00:02:34

Health: -1/71      AC: 20    Str: 12    XL:     10   Next: 92%
Magic:  11/13      EV: 15    Int: 14    God:    Okawaru [***...]
Gold:   400        SH:  0    Dex: 14    Spells: 10/11 levels left

rFire   . . .        Y - +3 longbow (flame)
rCold   . . .        (shield currently unavailable)
rNeg    + . .        i - +4 leather armour of Rotation {Rampage rElec rCorr}
rPois   inf          (helmet restricted)
rElec   +            d - +0 cloak
rCorr   +            (no gloves)
SInv    .            (no boots)
Will    .....        (no amulet)
Stlth   +++          l - +4 ring of protection
HPRegen 0.31/turn    (no ring)
MPRegen 0.13/turn

%: rampage
@: heroic
A: sickness immunity, AC +7, negative energy resistance 1, electricity
resistance, torment resistance 1, petrification resistance, horns 1, clumsy 1,
robust 1
a: Renounce Religion, Heroism


You were on level 9 of the Dungeon.
You worshipped Okawaru.
Okawaru was most pleased with you.
You visited 2 branches of the dungeon, and saw 10 of its levels.

You collected 400 gold pieces.


Innate Abilities, Weirdness & Mutations

You are immune to sickness and miasma.
Your stone body is resilient. (AC +7)
You are immune to poison.
You resist negative energy. (rN+)
You are resistant to electric shocks. (rElec)
You are resistant to unholy torment.
You are immune to petrification.
You have a pair of small horns on your head.
You are clumsy. (Dex -2)
You are robust. (+10% HP)


   Skills:
 + Level 8.5(13.5) Fighting
 - Level 13.0(18.0) Ranged Weapons
 - Level 2.4(7.4) Armour
 - Level 3.1(8.1) Dodging
 - Level 1.0 Spellcasting
 - Level 2.6 Hexes
 - Level 4.1 Invocations


You had 10 spell levels left.
You knew the following spells:

 Your Spells              Type           Power      Damage    Failure   Level
a - Slow                  Hex            32%        N/A       11%         1

Your spell library contained the following spells:

 Spells                   Type           Power      Damage    Failure   Level
 Inner Flame              Hex/Fire       4%         N/A       50%         3
 Portal Projectile        Hex/Tloc       8%         N/A       50%         3
 Cause Fear               Hex            4%         N/A       71%         4

Inventory:

Hand Weapons
 Y - a +3 longbow of flaming (weapon)
Armour
 d - a +0 cloak (worn)
 i - the +4 leather armour of Rotation (worn) {Rampage rElec rCorr}
   (You took it off a hobgoblin on level 2 of the Dungeon)

   rElec:     It insulates you from electricity.
   rCorr:     It protects you from acid and corrosion.
   Rampage:   It bestows one free step when moving towards enemies.
Jewellery
 c - a ring of fire
 l - a +4 ring of protection (left hand)
Scrolls
 j - a scroll of teleportation
 k - a scroll of identify
Potions
 a - 2 potions of mutation
 b - a potion of enlightenment {unknown}
 e - 2 potions of heal wounds
 f - 2 potions of haste
 g - a potion of cancellation
 h - a potion of curing

Dungeon Overview and Level Annotations

Branches:
Dungeon (9/15)             Temple (1/1) D:7
   Lair: D:8-11         Orc: D:9-12

Altars:
Ashenzari
Cheibriados
Dithmenos
Elyvilon
Fedhas
Gozag
Hepliaklqana
Kikubaaqudgha
Makhleb
Nemelex Xobeh
Okawaru
Qazlal
Ru
Sif Muna
Trog
Uskayaw
Vehumet
Wu Jian
Xom
Yredelemnul
Zin
The Shining One

Annotations:
D:4 3 runed translucent doors, qw's ghost, amateur MiHs
D:8 4 transporters, 1 runed translucent door, qw's ghost, novice MiHs


Message History

The wight closely misses you.
You shoot an arrow. The arrow hits the wight.
The arrow burns the wight.
The wight is almost destroyed.
The wight hits you with a +2 great sword.
You shoot an arrow. The arrow hits the wight.
The arrow burns the wight.
You destroy the wight!
Okawaru accepts your kill.
You shoot an arrow. The arrow hits the wight!!
The arrow burns the wight!
You destroy the wight!
Okawaru accepts your kill.
You start resting.
A wight comes into view. It is wielding a +0 mace.
You shoot an arrow. The arrow hits the wight!!
The arrow burns the wight.
You destroy the wight!
Okawaru accepts your kill.
You start resting.
A centaur warrior comes into view.
It is wielding a +5 great sword of holy wrath.
You shoot an arrow. The centaur warrior shouts!
The arrow hits the centaur warrior.
The arrow burns the centaur warrior.
The centaur warrior is lightly wounded.
The centaur warrior unwields a +5 great sword of holy wrath.
It stops glowing.
The centaur warrior wields a +0 orcbow.
The centaur warrior shoots an arrow.
The arrow hits you!!
The centaur warrior shoots an arrow.
The arrow hits you!
6777 ||| INVOKING Heroism.
You gain the combat prowess of a mighty hero.
The centaur warrior shoots an arrow.
The arrow closely misses you.
You shoot an arrow. The arrow hits the centaur warrior!
The arrow burns the centaur warrior.
The centaur warrior is moderately wounded.
The centaur warrior shoots an arrow.
The arrow hits you!!
You shoot an arrow. The arrow hits the centaur warrior!
The arrow burns the centaur warrior.
The centaur warrior is severely wounded.
You shoot an arrow.
The arrow barely misses the centaur warrior.
The centaur warrior shoots an arrow.
The arrow hits you.
The centaur warrior shoots an arrow.
The arrow hits you!!
You die...

... ......... .. #..
#+###......)) ..###..
###..##......)# .......
....+...##..)# .......
...#...##@).# .).#...
#####..#........#
.......##..##..##.......#
.......)...##..##.......#
####..c)@<[)))..........#
##..###'##..........[.
#......##..##..######
#.......'..##..##...
#.......#............
...#.#..######........
...#.#..# #..##...#
...#.[.oo #### ...#
#..... ...


You could see a centaur warrior.

Vanquished Creatures
  Pikel (D:9)
  Maggie (D:9)
  A freezing wraith (D:8)
  2 hornets
  Grinder (D:3)
  A slime creature (D:9)
  9 yaks (D:8)
  Eustachio (D:5)
  2 steam dragons
  An orc warrior (D:9)
  An ice beast (D:6)
  A black bear (D:6)
  2 ogres (D:5)
  A lemure (D:9)
  5 bullfrogs
  A gnoll sergeant (D:8)
  A kobold brigand (D:9)
  3 scorpions
  10 wights
  9 killer bees
  4 howler monkeys
  4 hounds
  An orc priest (D:9)
  3 jellies
  2 sleepcaps
  3 iguanas
  6 orc wizards
  3 gnolls (D:8)
  6 adders
  A worm (D:2)
  17 orcs
  4 bats
  5 endoplasms
  3 giant cockroaches
  3 goblins
  7 hobgoblins
  A quokka (D:1)
  10 ball pythons
  2 frilled lizards
  7 kobolds
  3 rats
149 creatures vanquished.

Vanquished Creatures (others)
  An orc wizard (D:9)
1 creature vanquished.

Grand Total: 150 creatures vanquished

Notes
Turn   | Place    | Note
-------+----------+-------------------------------------------
     0 | D:1      | qw the Gargoyle Hexslinger began the quest for the Orb.
     0 | D:1      | Reached XP level 1. HP: 12/12 MP: 2/2
     0 | D:1      | 0 ||| qw: Version: 0.3-a-46-gb1f654a
     0 | D:1      | 0 ||| qw: Game counter: 3448
     0 | D:1      | 0 ||| qw: Melee chars always use a shield: true
     0 | D:1      | 0 ||| qw: God list: Okawaru
     0 | D:1      | 0 ||| qw: Allow faded altars: false
     0 | D:1      | 0 ||| qw: Do Orc after clearing Dungeon:15 true
     0 | D:1      | 0 ||| qw: Do second Lair branch before Depths: true
     0 | D:1      | 0 ||| qw: Lair rune preference: random
     0 | D:1      | 0 ||| qw: Goals: Normal
     0 | D:1      | 0 ||| PLANNING D:1-11
    64 | D:1      | Found a faded altar of an unknown god.
   122 | D:1      | Reached XP level 2. HP: 16/16 MP: 3/3
   202 | D:1      | Reached skill level 3 in Ranged Weapons
   534 | D:1      | 534 ||| UPGRADING to +0 cloak.
   539 | D:1      | 539 ||| DROPPING scroll of poison.
   687 | D:2      | Reached XP level 3. HP: 21/21 MP: 4/4
   725 | D:2      | Found a shimmering altar of Xom.
   821 | D:2      | Identified the +4 leather armour of Rotation {Rampage rElec
                  | rCorr}
  1026 | D:2      | Identified the +5 sling of Leisis {speed, rF+}
  1028 | D:2      | 1028 ||| SWAPPING to +5 sling of Leisis {speed, rF+}.
  1029 | D:2      | 1029 ||| DROPPING +1 sling.
  1214 | D:2      | 1214 ||| UPGRADING to +4 leather armour of Rotation
                  | {Rampage rElec rCorr}.
  1224 | D:2      | 1224 ||| DROPPING +0 robe.
  1225 | D:2      | 1225 ||| READING scroll labelled KAMI UD ALIOQ.
  1226 | D:2      | 1226 ||| READING scroll labelled CAESCH PADORHUE.
  1290 | D:3      | Reached XP level 4. HP: 26/26 MP: 5/5
  1331 | D:3      | Reached skill level 4 in Ranged Weapons
  1336 | D:3      | Found a blossoming altar of Fedhas.
  1337 | D:3      | Found a broken altar of Ashenzari.
  1337 | D:3      | Found an ancient bone altar of Kikubaaqudgha.
  1458 | D:3      | Found a stormy altar of Qazlal.
  1466 | D:3      | Noticed Grinder
  1466 | D:3      | Paralysed by Grinder for 3 turns
  1481 | D:3      | Killed Grinder
  1482 | D:3      | Reached skill level 6 in Ranged Weapons
  1482 | D:3      | Reached XP level 5. HP: 18/30 MP: 6/6
  1482 | D:3      | Reached XP level 6. HP: 21/35 MP: 7/7
  2053 | D:3      | 2053 ||| READING 2 scrolls labelled YCUSOD NIUMA.
  2154 | D:3      | 2154 ||| READING 2 scrolls labelled COEPHASTISA.
  2155 | D:3      | 2155 ||| DROPPING scroll of silence.
  2156 | D:3      | 2156 ||| DROPPING scroll of fear.
  2471 | D:4      | 2471 ||| SWAPPING to +0 longbow.
  2472 | D:4      | 2472 ||| DROPPING +5 sling of Leisis {speed, rF+}.
  2484 | D:4      | Reached skill level 3 in Fighting
  2815 | D:4      | Found a runed translucent gate.
  2815 | D:4      | Found a runed translucent gate.
  2818 | D:4      | Found a runed translucent gate.
  2821 | D:4      | Noticed qw's ghost (amateur MiHs)
  2868 | D:4      | 2868 ||| READING scroll labelled MAEJAJ FESO.
  2869 | D:4      | 2869 ||| DRINKING 3 red potions.
  2899 | D:5      | Entered Level 5 of the Dungeon
  2903 | D:5      | Reached XP level 7. HP: 41/41 MP: 8/8
  3069 | D:5      | Noticed Eustachio
  3080 | D:5      | Killed Eustachio
  3081 | D:5      | Reached skill level 7 in Ranged Weapons
  3188 | D:5      | Reached XP level 8. HP: 48/48 MP: 9/9
  3199 | D:5      | Reached skill level 8 in Ranged Weapons
  3420 | D:5      | 3420 ||| UPGRADING to +4 ring of protection.
  3421 | D:5      | 3421 ||| READING scroll labelled UGOCUMOSOT.
  3422 | D:5      | 3422 ||| READING scroll labelled DONWAEPLOQE.
  3423 | D:5      | 3423 ||| READING scroll labelled ACECWI IGEDGH.
  3424 | D:5      | 3424 ||| DRINKING 2 yellow potions.
  3425 | D:5      | 3425 ||| READING 2 scrolls of identify.
  3425 | D:5      | 3425 ||| IDENTIFYING bubbling puce potion
  3426 | D:5      | 3426 ||| DROPPING potion of ambrosia.
  3883 | D:6      | Found an opulent altar of Gozag.
  3927 | D:6      | Found a basalt altar of Yredelemnul.
  3989 | D:6      | 3989 ||| READING scroll labelled GOWYFA ZIERU.
  3990 | D:6      | 3990 ||| DRINKING 3 black potions.
  4031 | D:7      | 4031 ||| STAIRDANCE
  4035 | D:6      | Reached skill level 9 in Ranged Weapons
  4162 | D:7      | Noticed a hornet
  4168 | D:7      | Killed a hornet
  4169 | D:7      | Reached skill level 6 in Fighting
  4169 | D:7      | Reached XP level 9. HP: 47/56 MP: 10/10
  4254 | D:7      | HP: 9/56 [steam dragon/ball of steam (11)]
  4255 | D:7      | 4255 ||| READING 2 scrolls of teleportation.
  4256 | D:7      | 4256 ||| DRINKING 3 potions of heal wounds.
  4355 | D:7      | 4355 ||| READING scroll of brand weapon.
  4355 | D:7      | 4355 ||| BRANDING +1 longbow of freezing.
  4500 | D:7      | 4500 ||| READING scroll of enchant weapon.
  4500 | D:7      | 4500 ||| ENCHANTING +1 longbow of electrocution.
  4598 | D:7      | Found a staircase to the Ecumenical Temple.
  4599 | D:7      | 4599 ||| PLANNING TEMPLE
  4599 | D:7      | 4599 ||| READING scroll labelled WUPSEH MUCOIGO.
  4600 | D:7      | 4600 ||| READING scroll labelled LUL YNEESUJ.
  4601 | D:7      | 4601 ||| DRINKING 3 fuming cyan potions.
  4601 | D:7      | Gained mutation: You are robust. (+10% HP) [potion of
                  | mutation]
  4601 | D:7      | Gained mutation: You have a pair of small horns on your
                  | head. [potion of mutation]
  4601 | D:7      | Gained mutation: You are clumsy. (Dex -2) [potion of
                  | mutation]
  4618 | D:7      | 4618 ||| READING 3 scrolls of identify.
  4618 | D:7      | 4618 ||| IDENTIFYING green potion
  4619 | D:7      | 4619 ||| READING 2 scrolls of identify.
  4619 | D:7      | 4619 ||| IDENTIFYING glowing yellow potion
  4620 | D:7      | 4620 ||| DROPPING potion of brilliance.
  4629 | Temple   | Entered the Ecumenical Temple
  4663 | Temple   | 4663 ||| PLANNING OKAWARU WORSHIP
  4750 | Temple   | Became a worshipper of Warmaster Okawaru
  4751 | Temple   | 4751 ||| PLANNING D:1-11
  4950 | D:8      | 4950 ||| READING scroll of brand weapon.
  4950 | D:8      | 4950 ||| BRANDING +2 longbow of electrocution.
  4999 | D:8      | Reached skill level 10 in Ranged Weapons
  5261 | D:8      | Found a transporter.
  5265 | D:8      | Found a transporter.
  5265 | D:8      | Found a transporter.
  5267 | D:8      | Found a transporter.
  5432 | D:8      | 5432 ||| Stepping ~*~*~tactically~*~*~ (outnumbered).
  5434 | D:8      | 5434 ||| Stepping ~*~*~tactically~*~*~ (outnumbered).
  5441 | D:8      | Reached * piety under Okawaru
  5442 | D:8      | 5442 ||| INVOKING Heroism.
  5606 | D:8      | Noticed a hornet
  5610 | D:8      | Killed a hornet
  5698 | D:8      | Reached skill level 11 in Ranged Weapons
  5698 | D:8      | Reached skill level 1 in Invocations
  5705 | D:8      | 5705 ||| INVOKING Heroism.
  5714 | D:8      | Reached skill level 3 in Dodging
  5714 | D:8      | Reached skill level 3 in Invocations
  5714 | D:8      | Reached XP level 10. HP: 28/69 MP: 9/12
  5716 | D:8      | Reached ** piety under Okawaru
  5851 | D:8      | Found a runed translucent door.
  5853 | D:8      | Identified the +2 spear of Blood-Lust {elec, Fly rElec rN+}
  5853 | D:8      | Noticed qw's ghost (novice MiHs)
  5967 | D:8      | 5967 ||| FLEEEEING.
  5968 | D:8      | 5968 ||| FLEEEEING.
  5969 | D:8      | 5969 ||| FLEEEEING.
  5970 | D:8      | 5970 ||| FLEEEEING.
  5971 | D:8      | 5971 ||| FLEEEEING.
  5972 | D:8      | 5972 ||| FLEEEEING.
  5973 | D:8      | 5973 ||| FLEEEEING.
  5974 | D:8      | 5974 ||| FLEEEEING.
  6040 | D:8      | 6040 ||| READING scroll of enchant weapon.
  6040 | D:8      | 6040 ||| ENCHANTING +2 longbow of flaming.
  6206 | D:8      | 6206 ||| READING scroll labelled GAETUV YSEESO.
  6245 | D:9      | 6245 ||| INVOKING Heroism.
  6276 | D:9      | 6276 ||| INVOKING Heroism.
  6293 | D:9      | 6293 ||| DRINKING 2 potions of curing.
  6293 | D:9      | 6293 ||| (to cure confusion)
  6300 | D:9      | Noticed Maggie
  6301 | D:9      | 6301 ||| FLEEEEING.
  6302 | D:9      | 6302 ||| FLEEEEING.
  6307 | D:9      | 6307 ||| FLEEEEING.
  6310 | D:9      | 6310 ||| FLEEEEING.
  6311 | D:9      | 6311 ||| FLEEEEING.
  6312 | D:9      | 6312 ||| FLEEEEING.
  6313 | D:9      | 6313 ||| STAIRDANCE
  6471 | D:9      | Killed Maggie
  6472 | D:9      | Reached skill level 12 in Ranged Weapons
  6484 | D:9      | 6484 ||| STAIRDANCE
  6486 | D:8      | 6486 ||| INVOKING Heroism.
  6489 | D:8      | Reached *** piety under Okawaru
  6726 | D:9      | 6726 ||| Stepping ~*~*~tactically~*~*~ (outnumbered).
  6728 | D:9      | Noticed Pikel
  6739 | D:9      | Killed Pikel
  6745 | D:9      | Reached skill level 13 in Ranged Weapons
  6775 | D:9      | Noticed a centaur warrior
  6777 | D:9      | 6777 ||| INVOKING Heroism.
  6780 | D:9      | Shot with an arrow by a centaur warrior

Levels and vault maps discovered:
D:1:      roderic_crossed_star, layout_basic, nicolae_ecumenical_snake_handling,
          nrook_mini_vaults
D:2:      layout_basic, basic_altar
D:3:      layout_loops_corners, nicolae_overflow_quartered_altars,
          grunt_decor_fettered, uniq_grinder
D:4:      layout_loops_ring, gammafunk_ghost_necromancy,
          kennysheep_generic_room_4
D:5:      layout_cave_pools, uniq_eustachio
D:6:      layout_gridville, kennysheep_mini, grunt_gozag_statues,
          kennysheep_decorative_pillar
D:7:      layout_loops_ring, temple_statues, serial_bayou_pond_a
D:8:      layout_basic, ebering_ghost_funeral_grove,
          hangedman_abyss_or_decor_clamps,
          nicolae_concentric_dashed_squares_wild, nicolae_diode_intersection
D:9:      layout_gridville, st_stairs_3, minmay_radiant, uniq_pikel, uniq_maggie
Temple:   kb_temple_of_zot

Skill      XL: |  1  2  3  4  5  6  7  8  9 10 |
---------------+-------------------------------+-----
Ranged Weapons | 3 6 7 9 11 13 | 13.0
Fighting       | 2 3 4 6 7 8 |  8.5
Armour         | 2 |  2.4
Dodging        | 2 3 |  3.1
Invocations    | 3 4 |  4.1
Spellcasting   | |  1.0
Hexes          | |  2.6

Action                     |  1- 3 |  4- 6 |  7- 9 | 10-12 || total
---------------------------+-------+-------+-------+-------++-------
   Fire: Sling             |   120 |    68 |       |       ||   188
         Longbow           |       |    34 |   202 |   127 ||   363
 Invoke: Heroism           |       |       |     2 |     4 ||     6
    Use: Scroll            |     2 |     3 |    13 |     2 ||    20
         Potion            |       |     1 |     4 |     1 ||     6
 Armour: Robe              |    31 |       |       |       ||    31
         Leather armour    |     2 |    16 |    93 |    56 ||   167
  Dodge: Dodged            |    39 |    18 |    91 |    66 ||   214

Table legend:
 A = Non-vault XP
 B = Vault XP
 C = Vault XP percentage of total XP
 D = Non-vault monster count
 E = Vault monster count
 F = Vault count percentage of total count
                 A         B        C        D         E       F
            +---------+---------+-------+---------+---------+-------
      Total |    6778 |    2096 |  23.6 |     139 |      10 |   6.7
            +---------+---------+-------+---------+---------+-------
        D:1 |      25 |       4 |  13.8 |      13 |       3 |  18.8
        D:2 |      45 |       0 |   0.0 |      13 |       0 |   0.0
        D:3 |      46 |     277 |  85.8 |      13 |       1 |   7.1
        D:4 |     109 |       3 |   2.7 |      13 |       1 |   7.1
        D:5 |     627 |     196 |  23.8 |      14 |       1 |   6.7
        D:6 |     702 |       0 |   0.0 |      11 |       0 |   0.0
        D:7 |     844 |       0 |   0.0 |       8 |       0 |   0.0
        D:8 |    3131 |     355 |  10.2 |      30 |       1 |   3.2
        D:9 |    1249 |    1261 |  50.2 |      24 |       3 |  11.1
            +---------+---------+-------+---------+---------+-------
